 Dungeon Crawl Stone Soup version 0.31-a0-233-g139696dc86 (webtiles) character file.

Game seed: 4425900350590789370

69 qw the Shooter (level 4, -2/36 HPs)
             Began as a Minotaur Hexslinger on July 9, 2023.
             Slain by an orc wizard
             ... wielding a +0 dagger
              (3 damage)
             ... on level 2 of the Dungeon.
             The game lasted 00:00:28 (830 turns).

qw the Shooter (Minotaur Hexslinger)                 Turns: 830, Time: 00:00:29

Health: -2/36      AC:  3    Str: 12    XL:     4   Next: 2%
Magic:  4/4        EV: 12    Int: 10    God:
Gold:   80         SH:  0    Dex: 15    Spells: 4/5 levels left

rFire   . . .        Y - +0 orcbow (drain)
rCold   . . .        (shield currently unavailable)
rNeg    . . .        g - +0 leather armour
rPois   .            (helmet restricted)
rElec   .            (no cloak)
rCorr   .            (no gloves)
SInv    .            (no boots)
Will    .....        (no amulet)
Stlth   +            (no ring)
HPRegen 0.26/turn    (no ring)
MPRegen 0.09/turn

%: no passive effects
@: no status effects
A: horns 2, retaliatory headbutt
a: no special abilities


You were on level 2 of the Dungeon.
You visited 1 branch of the dungeon, and saw 2 of its levels.

You collected 98 gold pieces.
You spent 18 gold pieces at shops.


Innate Abilities, Weirdness & Mutations

You have a pair of horns on your head.
You reflexively headbutt those who attack you in melee.


   Skills:
 - Level 2.0 Fighting
 + Level 4.5 Ranged Weapons
 - Level 2.1 Dodging
 - Level 1.0 Spellcasting
 - Level 2.0 Hexes


You had 4 spell levels left.
You knew the following spells:

 Your Spells              Type           Power      Damage    Failure   Level
a - Slow                  Hex            16%        N/A       19%         1

Your spell library contained the following spells:

 Spells                   Type           Power      Damage    Failure   Level
 Inner Flame              Hex/Fire       2%         N/A       65%         3
 Portal Projectile        Hex/Tloc       4%         N/A       65%         3
 Cause Fear               Hex            2%         N/A       88%         4

Inventory:

Hand Weapons
 Y - a +0 orcbow of draining (weapon)
Armour
 g - a +0 leather armour (worn)
Scrolls
 a - a scroll of silence {unknown}
Potions
 b - a potion of degeneration {unknown}
 c - a potion of berserk rage {unknown}
 f - a potion of might {unknown}
 j - a potion of curing {unknown}

Dungeon Overview and Level Annotations

Branches:
Dungeon (2/15)

Altars:

Shops:
D:1 *


Message History

You have reached level 4!
You feel agile.
You shoot an arrow.
The arrow hits the endoplasm but does no damage.
The endoplasm freezes you.
You are frozen.
The endoplasm hits you but does no damage.
The orc hits you with a +0 mace!
You shoot an arrow. The arrow closely misses the orc.
The orc hits you with a +0 mace.
The endoplasm hits you but does no damage.
You shoot an arrow. The arrow barely misses the orc wizard.
The orc wizard hits you with a +0 dagger.
The orc barely misses you. The endoplasm hits you.
You shoot an arrow.
The arrow closely misses the orc wizard.
The endoplasm hits you but does no damage.
The orc hits you with a +0 mace. The endoplasm barely misses you.
The orc wizard casts a spell at you. You resist with some effort.
The orc hits you with a +0 mace. The orc barely misses you.
You furiously retaliate!
You headbutt the orc, but do no damage. You shoot an arrow.
The arrow barely misses the orc wizard.
The orc wizard hits you with a +0 dagger.
The orc barely misses you. The orc closely misses you.
The endoplasm freezes you.
You are frozen.
You shoot an arrow.
The arrow closely misses the orc wizard.
The orc wizard barely misses you. The orc closely misses you.
You furiously retaliate!
You headbutt the orc. The endoplasm hits you. The orc hits you with a +0 whip.
You shoot an arrow. The arrow barely misses the orc.
The endoplasm hits you but does no damage.
The orc wizard barely misses you. The orc hits you with a +0 whip.
The orc completely misses you. You furiously retaliate!
You headbutt the orc.
You kill the orc!
The endoplasm freezes you.
You are frozen.
The orc wizard hits you with a +0 dagger.
You die...

.. ####
#.#############.... #
#..................
#.#.#######..........
#.#^ #...'..........
####... #.###..........
......)###.# ##.......#
.....oJ@...####.......#
.....)oo........)######
....#..)...........#
... #..####......#.# .
#.. #......#.# ##.
#.#..###.# ##
#........#
#####...######
#.#.......


You could see an orc wizard, 2 orcs and an endoplasm.

Vanquished Creatures
  2 adders (D:2)
  A worm (D:2)
  2 orcs (D:2)
  2 ball pythons
  2 bats
  7 endoplasms
  A giant cockroach (D:1)
  6 goblins
  4 hobgoblins
  7 kobolds
  A quokka (D:1)
  4 frilled lizards
  3 rats (D:1)
42 creatures vanquished.

Notes
Turn   | Place    | Note
-------+----------+-------------------------------------------
     0 | D:1      | qw the Minotaur Hexslinger began the quest for the Orb.
     0 | D:1      | Reached XP level 1. HP: 16/16 MP: 1/1
     0 | D:1      | 0 ||| qw: Version: 0.3-a-51-g015441d
     0 | D:1      | 0 ||| qw: Game counter: 3835
     0 | D:1      | 0 ||| qw: Melee chars always use a shield: true
     0 | D:1      | 0 ||| qw: God list: Okawaru
     0 | D:1      | 0 ||| qw: Allow faded altars: false
     0 | D:1      | 0 ||| qw: Do Orc after clearing Dungeon:15 true
     0 | D:1      | 0 ||| qw: Do second Lair branch before Depths: true
     0 | D:1      | 0 ||| qw: Lair rune preference: random
     0 | D:1      | 0 ||| qw: Goals: Normal
     0 | D:1      | 0 ||| PLANNING D:1-11
    39 | D:1      | 39 ||| FLEEEEING.
    62 | D:1      | Found Feolesme's Assorted Antiques.
    71 | D:1      | 71 ||| BUYING dark potion (18 gold).
    71 | D:1      | Bought a dark potion for 18 gold pieces
    71 | D:1      | 71 ||| SHOPLISTING dented sapphire amulet (100 gold, have
                  | 0).
    71 | D:1      | 71 ||| SHOPLISTING fuming coppery potion (18 gold, have 0).
    71 | D:1      | 71 ||| SHOPLISTING pair of gloves (90 gold, have 0).
    71 | D:1      | 71 ||| SHOPLISTING scroll labelled ELEUPS SOVA (20 gold,
                  | have 0).
    71 | D:1      | 71 ||| SHOPLISTING scroll labelled XIPSEN REPIA (20 gold,
                  | have 0).
   106 | D:1      | Reached skill level 3 in Ranged Weapons
   106 | D:1      | Reached XP level 2. HP: 21/23 MP: 2/2
   349 | D:1      | 349 ||| SWAPPING to +0 orcbow.
   352 | D:1      | 352 ||| DROPPING +1 sling.
   497 | D:1      | Reached XP level 3. HP: 29/29 MP: 3/3
   570 | D:1      | 570 ||| UPGRADING to +0 leather armour.
   580 | D:1      | 580 ||| DROPPING +0 robe.
   581 | D:1      | 581 ||| READING 3 scrolls labelled RIYCSY LUSSAOM.
   582 | D:1      | 582 ||| READING scroll labelled OBBUKKOERUY.
   583 | D:1      | 583 ||| READING scroll labelled OXU HYPSILOM.
   584 | D:1      | 584 ||| READING scroll labelled KIXTAE WYRIO.
   585 | D:1      | 585 ||| DROPPING scroll of poison.
   586 | D:1      | 586 ||| DROPPING 2 scrolls of fear.
   630 | D:2      | Reached skill level 4 in Ranged Weapons
   824 | D:2      | Reached XP level 4. HP: 36/36 MP: 4/4
   829 | D:2      | HP: 6/36 [orc/+0 whip (5)]
   830 | D:2      | HP: 1/36 [frozen (2)]
   830 | D:2      | Slain by an orc wizard

Levels and vault maps discovered:
D:1:      psy_arrival_dodecagon, layout_loops_ring, serial_shops, shop
D:2:      layout_basic, minmay_rat_hole, uniq_sigmund

Skill      XL: |  1  2  3 |
---------------+----------+-----
Ranged Weapons | 3 4 |  4.5
Fighting       | 2 |  2.0
Dodging        | |  2.1
Spellcasting   | |  1.0
Hexes          | |  2.0

Action                     |  1- 3 |  4- 6 || total
---------------------------+-------+-------++-------
   Fire: Sling             |    47 |       ||    47
         Orcbow            |    70 |     7 ||    77
    Use: Scroll            |     4 |       ||     4
 Armour: Leather armour    |    14 |     4 ||    18
  Dodge: Dodged            |    29 |     9 ||    38

Table legend:
 A = Non-vault XP
 B = Vault XP
 C = Vault XP percentage of total XP
 D = Non-vault monster count
 E = Vault monster count
 F = Vault count percentage of total count
                 A         B        C        D         E       F
            +---------+---------+-------+---------+---------+-------
      Total |     102 |       0 |   0.0 |      42 |       0 |   0.0
            +---------+---------+-------+---------+---------+-------
        D:1 |      47 |       0 |   0.0 |      27 |       0 |   0.0
        D:2 |      55 |       0 |   0.0 |      15 |       0 |   0.0
            +---------+---------+-------+---------+---------+-------
